Map: Acolyte LE

Players

Snute

  • Race: Zerg Zerg
  • Spawn Location: 7:00

Kelazhur - Winner!

  • Race: Terran Terran
  • Spawn Location: 1:00

Event: WCS Montreal 2017

VOD

Have the link to the VOD?

Description

Time

  • Played on: Sept. 9, 2017, 8:36 p.m.
  • Length: 20:05

All games in this series

Show
View Real Time Build Order
Export as new Build Order

Snute Zerg 

Build Orders: Pool First, Muta Ling Bane 

Get SALT Encoding   

  12  0:00  Drone  
  13  0:12  Overlord  
  13  0:17  Drone  
  14  0:30  Drone x2  
  14  0:34  Drone  
  17  0:45  Spawning Pool  
  17  0:46  Drone  
  17  1:08  Hatchery  
  17  1:10  Drone  
  17  1:13  Drone  
  17  1:16  Extractor  
  17  1:18  Drone  
  18  1:34  Queen, Zergling x2  
  21  1:41  Overlord  
  21  1:49  Drone  
  22  2:00  Drone  
  23  2:10  Queen  
  23  2:13  Drone  
  26  2:19  Metabolic Boost  
  26  2:20  Queen  
  26  2:21  Drone x2  
  30  2:33  Drone x2  
  32  2:41  Overlord  
  32  2:42  Drone x3  
  32  2:43  Drone  
  36  2:54  Overlord  
  36  3:05  Spore Crawler  
  35  3:09  Overlord, Drone  
  35  3:10  Drone  
  38  3:13  Drone  
  38  3:17  Drone  
  38  3:19  Drone  
  41  3:23  Drone x2  
  41  3:24  Hatchery  
  41  3:26  Drone  
  43  3:27  Drone  
  43  3:29  Drone  
  43  3:31  Zergling x2  
  43  3:32  Zergling x2  
  47  3:40  Drone x2  
  49  3:45  Queen  
  51  3:49  Queen  
  51  3:50  Drone x2  
  55  3:58  Zergling x8  
  59  4:04  Overlord  
  59  4:12  Overlord, Drone  
  59  4:15  Spore Crawler  
  59  4:17  Spore Crawler  
  59  4:21  Drone x2  
  59  4:23  Drone  
  59  4:24  Extractor, Drone  
  61  4:25  Overlord  
  61  4:29  Queen x2  
  65  4:34  Extractor  
  65  4:35  Extractor, Drone  
  65  4:38  Baneling Nest, Drone  
  63  4:39  Drone  
  63  4:44  Drone  
  66  4:46  Evolution Chamber x2  
  66  4:47  Drone x2  
  66  4:51  Queen  
  68  4:57  Drone x2  
  68  4:58  Drone x2  
  71  5:07  Overlord  
  71  5:09  Drone x2  
  71  5:10  Overlord  
  71  5:14  Overlord  
  73  5:15  Zerg Ground Armor Level 1  
  73  5:16  Zerg Melee Weapons Level 1  
  73  5:21  Overlord  
  73  5:30  Drone x6  
  79  5:36  Spore Crawler  
  79  5:38  Drone  
  79  5:39  Drone x4  
  79  5:41  Drone  
  84  5:43  Drone  
  84  5:44  Drone  
  84  5:48  Lair  
  85  6:05  Drone x5  
  85  6:06  Drone, Hatchery  
  85  6:07  Extractor  
  85  6:08  Drone x2  
  85  6:09  Extractor  
  90  6:16  Overlord  
  90  6:17  Overlord, Drone x2  
  90  6:18  Drone x2  
  94  6:21  Zergling x4  
  94  6:25  Overlord  
  96  6:27  Overlord  
  96  6:39  Zergling x10  
  101  6:43  Hatchery  
  97  7:01  Drone  
  97  7:02  Drone x2  
  97  7:06  Centrifical Hooks  
  100  7:11  Infestation Pit, Baneling x3  
  100  7:12  Zerg Melee Weapons Level 2, Zerg Ground Armor Level 2, Spire  
  100  7:13  Drone x2  
  100  7:19  Spore Crawler  
  100  7:20  Drone x3  
  103  7:22  Zergling x2  
  103  7:23  Zergling x8  
  103  7:29  Zergling x10  
  112  7:35  Pneumatized Carapace  
  112  7:36  Overseer  
  112  7:43  Zergling x10  
  114  7:52  Queen x3  
  118  8:01  Zergling x24  
  118  8:03  Baneling  
  118  8:04  Baneling x5  
  129  8:19  Hive  
  129  8:21  Overseer  
  129  8:25  Mutalisk x6  
  141  8:30  Baneling x10  
  141  8:51  Spore Crawler x2, Overlord  
  141  8:52  Overlord  
  133  8:59  Overlord x2  
  127  9:10  Mutalisk x4  
  127  9:12  Zergling x20  
  127  9:13  Zergling x16, Hatchery  
  127  9:15  Overlord  
  152  9:17  Baneling x3  
  152  9:18  Baneling  
  137  9:47  Ultralisk Cavern, Zergling x2  
  137  9:48  Zergling x36  
  153  9:57  Zergling x18  
  162  10:04  Overlord x2  
  162  10:06  Zerg Ground Armor Level 3  
  161  10:22  Zerg Melee Weapons Level 3  
  161  10:49  Chitinous Plating  
  160  10:50  Ultralisk x3  
  160  10:56  Ultralisk x3  
  196  11:03  Burrow  
  177  11:20  Ultralisk x2  
  186  11:26  Overlord x3  
  183  11:34  Overlord  
  177  11:40  Baneling  
  177  11:41  Baneling x12  
  177  11:45  Hatchery  
  176  11:48  Ultralisk  
  182  11:59  Zergling x22  
  193  12:06  Adrenal Glands  
  193  12:14  Ultralisk  
  157  12:45  Zerg Flyer Armor Level 1, Overseer  
  157  12:46  Corruptor x3  
  157  12:50  Zergling x8  
  157  12:51  Zergling x10  
  172  13:07  Ultralisk  
  178  13:17  Hatchery  
  177  13:26  Corruptor x5  
  180  13:29  Zergling x2  
  180  13:30  Zergling x2  
  179  13:40  Zergling x2  
  179  13:41  Zergling x12  
  184  13:46  Zergling x2  
  184  13:47  Zergling x2  
  171  13:57  Ultralisk  
  165  14:09  Ultralisk  
  171  14:10  Ultralisk  
  171  14:19  Ultralisk  
  165  14:28  Corruptor x2  
  169  14:35  Zergling x8  
  169  14:36  Zergling x12  
  179  14:39  Overseer x2  
  178  15:00  Zergling x22  
  178  15:03  Ultralisk  
  163  15:24  Ultralisk x3  
  157  15:31  Zergling x2  
  157  15:32  Extractor, Zergling x18  
  157  15:35  Drone x3  
  169  15:41  Baneling  
  169  15:42  Baneling x9  
  161  16:12  Corruptor x4  
  161  16:16  Hatchery  
  161  16:17  Zergling x6  
  161  16:18  Zergling x2  
  163  16:25  Corruptor  
  162  16:32  Overlord  
  164  16:36  Overseer x2  
  164  16:38  Hatchery  
  163  16:46  Ultralisk  
  169  16:54  Baneling  
  169  16:55  Baneling x4  
  169  16:56  Zergling x2  
  169  16:57  Zergling x4  
  172  17:12  Corruptor x2  
  172  17:14  Hatchery  
  175  17:22  Zergling x8  
  137  17:47  Ultralisk  
  134  18:08  Ultralisk  
  140  18:13  Baneling x3  
  135  18:42  Ultralisk  
  139  18:49  Zergling x2  
  139  18:50  Zergling x24  
  152  18:59  Zergling x4  
  154  19:03  Queen x2  
  154  19:05  Hatchery  
  150  19:19  Zergling x8  
  150  19:20  Zergling x12  
  144  19:25  Zergling x8  
  106  19:44  Zergling x20  
Show
View Real Time Build Order
Export as new Build Order

Kelazhur Terran - Winner!

Build Orders: Gas First Reaper Expand, Liberator Opening, Reaper Expand, MMM Bio 

Get SALT Encoding   

  12  0:00  SCV  
  13  0:12  SCV  
  14  0:17  Supply Depot  
  14  0:24  SCV  
  14  0:28  Refinery  
  15  0:39  SCV  
  16  0:44  Barracks  
  16  0:51  SCV  
  17  1:03  SCV  
  18  1:15  SCV  
  19  1:31  Orbital Command, Reaper  
  20  1:43  Command Center  
  20  1:54  Factory  
  20  1:57  SCV  
  21  2:03  Refinery  
  21  2:05  Barracks Reactor  
  21  2:09  SCV  
  21  2:15  Supply Depot  
  22  2:22  SCV  
  24  2:37  SCV  
  24  2:44  Starport  
  24  2:47  Hellion x2  
  24  2:49  SCV  
  29  2:56  Orbital Command  
  29  3:01  SCV  
  30  3:09  Hellion  
  30  3:11  Hellion  
  34  3:15  SCV  
  35  3:22  Viking  
  35  3:24  SCV  
  38  3:32  Fusion Core  
  38  3:33  SCV  
  39  3:39  SCV  
  40  3:43  Barracks Tech Lab  
  40  3:45  SCV  
  41  3:51  Supply Depot, SCV  
  46  3:59  Liberator  
  46  4:03  Supply Depot  
  46  4:05  SCV x2  
  47  4:17  SCV x2  
  47  4:18  Advanced Ballistics  
  49  4:24  Command Center  
  49  4:29  SCV x2  
  51  4:31  Barracks Tech Lab  
  51  4:41  SCV x2  
  53  4:45  Barracks  
  53  4:46  Barracks  
  53  4:50  Marine, Stimpack  
  53  4:51  Factory Reactor  
  54  4:53  SCV x2  
  54  4:59  Liberator  
  56  5:05  SCV  
  56  5:06  SCV  
  58  5:08  Refinery  
  58  5:09  Marine, Refinery  
  58  5:11  Engineering Bay x2  
  59  5:17  Supply Depot  
  62  5:23  Supply Depot  
  62  5:36  SCV x2  
  62  5:37  Marine x2  
  66  5:43  Factory Tech Lab  
  66  5:46  Marine x2  
  66  5:47  Orbital Command, Terran Infantry Weapons Level 1  
  66  5:48  SCV x2  
  70  5:50  Marine  
  71  5:57  Marine x2  
  71  5:58  Barracks  
  71  6:00  Barracks, SCV x2  
  71  6:02  Siege Tank  
  78  6:10  Orbital Command, Marine  
  79  6:11  Supply Depot  
  79  6:12  Marine, Starport Reactor, SCV x2  
  79  6:18  Terran Infantry Armor Level 1  
  82  6:20  Marine x2  
  82  6:24  SCV x2  
  86  6:36  Marine, SCV x2  
  86  6:37  Marine  
  86  6:39  SCV  
  91  6:40  Armory, Siege Tank  
  94  6:48  SCV  
  94  6:49  Medivac  
  94  6:51  Medivac  
  94  6:52  Marine x2  
  101  6:56  Supply Depot  
  101  6:57  Barracks Reactor, SCV  
  101  6:58  SCV  
  101  6:59  Supply Depot  
  103  7:03  SCV  
  103  7:06  Refinery  
  103  7:07  Barracks Reactor  
  103  7:08  Supply Depot, Marine x2  
  104  7:09  SCV  
  104  7:11  Supply Depot  
  104  7:14  Supply Depot  
  107  7:16  SCV  
  107  7:22  Marine x2  
  110  7:29  SCV  
  111  7:34  Marine x2  
  111  7:35  Combat Shields, Marine  
  114  7:37  Supply Depot, SCV  
  114  7:38  Supply Depot, SCV  
  114  7:39  Siege Tank  
  114  7:40  Marine  
  114  7:41  SCV  
  114  7:42  Supply Depot  
  118  7:46  Marine  
  118  7:47  Marine x3  
  118  7:48  Terran Infantry Weapons Level 2, Marauder  
  118  7:49  SCV  
  125  7:53  SCV  
  126  8:01  Medivac x2  
  130  8:09  Marine  
  130  8:10  Marine x7  
  130  8:11  Siege Tank, Marauder  
  140  8:14  Supply Depot  
  140  8:27  Marine  
  140  8:28  Marine  
  140  8:33  Marine x6, Marauder  
  150  8:45  Marine, Terran Infantry Armor Level 2  
  150  8:48  Factory  
  151  8:49  Command Center, Marine  
  151  8:51  Marine x3  
  151  8:54  Medivac  
  151  8:55  Medivac, Marine  
  160  8:57  Marine  
  160  8:58  Marine x2  
  163  9:03  Marine  
  160  9:11  Thor  
  160  9:13  Marine  
  160  9:14  Terran Vehicle Weapons Level 1  
  167  9:17  SCV x2  
  167  9:19  Barracks  
  169  9:24  Barracks  
  169  9:25  Barracks  
  169  9:41  Medivac x2, Factory Reactor  
  169  9:42  Marine x6  
  172  9:52  Marine x2  
  171  9:53  Marauder  
  171  9:57  Thor  
  171  9:59  Drilling Claws, Marine  
  173  10:00  Marine x2  
  176  10:09  Marine x3  
  176  10:10  Marine x2  
  176  10:11  Marine  
  176  10:13  Missile Turret  
  176  10:14  Missile Turret x2  
  182  10:17  Missile Turret, Planetary Fortress  
  182  10:20  Missile Turret  
  182  10:21  Missile Turret  
  182  10:22  Refinery  
  182  10:27  Widow Mine x2  
  186  10:29  Marine, Marauder  
  186  10:31  Medivac, Missile Turret x2  
  186  10:32  Medivac, Marine  
  186  10:33  Marine x3  
  196  10:43  Terran Infantry Weapons Level 3  
  196  10:56  Supply Depot  
  196  11:10  Marine  
  196  11:11  Marine  
  196  11:12  Marine  
  196  11:13  Marine x2  
  196  11:17  Marine x4  
  200  11:54  Refinery  
  200  11:56  Starport x3, Refinery  
  200  12:00  Command Center  
  200  12:15  Terran Infantry Armor Level 3  
  200  12:17  Terran Ship Weapons Level 1  
  200  12:27  Barracks Tech Lab x2  
  200  12:29  Liberator x2  
  200  12:36  Marauder  
  199  12:37  Widow Mine  
  199  12:39  Widow Mine  
  173  12:48  Marine, Marauder x3  
  173  12:49  Marine x6  
  192  12:53  Thor  
  192  12:57  Marauder, Concussive Shells  
  200  13:03  Starport Tech Lab, Starport Reactor x2  
  200  13:23  Marauder x2  
  200  13:24  Marine x4, Marauder x2  
  177  13:33  Marine x2  
  177  13:34  Marine x2  
  170  13:42  Marine x3  
  170  13:44  Liberator x2  
  170  13:45  Marauder  
  170  13:46  Marine x2, Marauder x2  
  170  13:47  Widow Mine x2  
  182  13:49  Liberator x2  
  182  13:51  Marine x3  
  182  13:52  Liberator  
  182  13:53  Liberator x2  
  149  14:04  Marauder  
  149  14:06  Marine  
  149  14:07  Marauder  
  156  14:11  Marine x7, Marauder x2  
  173  14:21  Planetary Fortress  
  169  14:24  Marine  
  169  14:26  Marauder  
  169  14:28  Marauder  
  169  14:29  Marine  
  175  14:34  Marine x5, Marauder x2  
  175  14:35  Marine  
  185  14:42  Marine  
  185  14:43  Fusion Core  
  186  14:47  Marine, Marauder  
  186  14:50  Command Center, Marauder  
  191  14:53  Liberator x2  
  191  14:54  Liberator  
  191  14:55  Widow Mine x3  
  186  15:12  Liberator x2, Marine  
  186  15:13  Marine, Marauder x3  
  191  15:15  Marine  
  179  15:26  Marauder  
  181  15:32  Medivac x2  
  181  15:34  Marauder  
  193  15:39  Marine  
  193  15:41  Marine, Marauder  
  193  15:42  Marine x3  
  200  15:50  Sensor Tower  
  199  16:11  Marauder  
  197  16:16  Marauder  
  195  16:37  Marine, Marauder x2  
  200  16:40  Ghost Academy  
  200  16:58  Refinery x2  
  200  17:00  Command Center  
  200  17:19  Marauder x2  
  194  17:24  Widow Mine x2  
  194  17:26  Liberator  
  194  17:27  Liberator x3  
  192  17:41  Marine x9, Marauder x2  
  143  17:45  Marauder  
  143  17:49  Widow Mine  
  143  17:51  Planetary Fortress  
  134  17:59  Marine x8  
  134  18:00  Marauder  
  134  18:01  Liberator x3, Widow Mine x2  
  134  18:03  Marauder x2  
  152  18:06  Marauder  
  152  18:12  Liberator x3  
  148  18:17  Marine x3, Widow Mine  
  148  18:19  Marine  
  157  18:21  Marauder  
  157  18:24  Marauder x2  
  163  18:28  Marauder  
  170  18:36  Liberator  
  170  18:42  Marauder  
  170  18:44  Liberator x2  
  170  18:47  Marine, Marauder x2  
  177  18:49  Marauder  
  182  18:55  Marine  
  182  18:57  Command Center  
  182  18:58  Missile Turret  
  182  19:00  Missile Turret  
  182  19:01  Marine, Missile Turret  
  182  19:02  Marine x5  
  195  19:04  Marauder  
  195  19:05  Marine  
  195  19:08  Marauder  
  176  19:30  Marauder  
  170  19:35  Marine  
  162  19:40  Marine x5  
Tags
 
Add a new tag
Caveats
  • Supply blocks, unpowered buildings, or Contaminate may cause inaccurate times.
  • Supply counts are checked every 10 seconds.